[Event "Titled Tuesday Blitz November 22 Early 2022"]
[White "Pinheiro, Iung Alicio de O."]
[Black "Reprintsev, Alexander"]
[WhiteFideId "2104350"]
[BlackFideId "14100541"]
[WhiteElo "2283"]
[BlackElo "2230"]
[Result "0-1"]
[Round "06"]
[TimeControl "180+1"]
[Date "2022.11.23"]
[WhiteClock "0:00:03"]
[BlackClock "0:00:54"]

1. d4 d5 2. c4 e5 3. dxe5 d4 4. Nf3 Nc6 5. a3 g6 6. b4 Bg7 7. Bb2 Nh6 8. Nbd2 O-O 9. Nb3 Re8 10. Nbxd4 Nxe5 11. Nxe5 Bxe5 12. Qd2 Nf5 13. O-O-O Qf6 14. e3 c5 15. Nxf5 Bxf5 16. Bxe5 Qxe5 17. Qb2 Qe6 18. Bd3 Bxd3 19. Rxd3 Qxc4+ 20. Rc3 Qe4 21. f3 Qe5 22. bxc5 Rac8 23. Qc2 Rc6 24. Kb1 Rec8 25. Rc1 b6 26. Qa4 Rxc5 27. Rxc5 bxc5 28. e4 Rb8+ 29. Kc2 Rb2+ 30. Kd3 Qd6+ 31. Kc3 Qd2+ 32. Kc4 Qd4# 0-1


[Site "https://www.chess.com"]

[Event "Titled Tuesday Blitz November 22 Early 2022"]
[White "Principe, Gerson"]
[Black "Tristan, Leonardo"]
[WhiteFideId "3804550"]
[BlackFideId "113816"]
[WhiteElo "2280"]
[BlackElo "2461"]
[Result "1-0"]
[Round "06"]
[TimeControl "180+1"]
[Date "2022.11.23"]
[WhiteClock "0:02:12"]
[BlackClock "0:02:39"]

1. d4 d5 2. Nf3 Nf6 3. e3 g6 4. Be2 Bg7 5. O-O O-O 6. b3 b6 7. Bb2 Bb7 8. Nbd2 Nbd7 9. c4 e6 10. Rc1 c5 11. Qc2 Rc8 12. Qb1 Rc7 13. Rfd1 Qa8 14. dxc5 Nxc5 15. Qa1 Nh5 16. Bxg7 Nxg7 17. cxd5 Bxd5 18. b4 1-0


[Site "https://www.chess.com"]

[Event "Titled Tuesday Blitz November 22 Early 2022"]
[White "Prithu Gupta"]
[Black "Pranav Anand"]
[WhiteFideId "46618546"]
[BlackFideId "46626786"]
[WhiteElo "2344"]
[BlackElo "2402"]
[Result "0-1"]
[Round "06"]
[TimeControl "180+1"]
[Date "2022.11.23"]
[WhiteClock "0:00:01"]
[BlackClock "0:01:26"]

1. d4 Nf6 2. c4 e6 3. Nf3 Bb4+ 4. Nbd2 O-O 5. e3 d5 6. a3 Bd6 7. c5 Be7 8. b4 a5 9. Bb2 b6 10. Bd3 bxc5 11. bxc5 Ba6 12. Qe2 Bxd3 13. Qxd3 Nc6 14. O-O a4 15. Bc3 Qd7 16. Rfb1 Rfb8 17. Rxb8+ Rxb8 18. Rb1 Ra8 19. Rb5 Qc8 20. h3 h6 21. g4 Qa6 22. Qf1 Nd7 23. h4 e5 24. dxe5 Nxc5 25. g5 h5 26. Nd4 Nxd4 27. exd4 Ne6 28. Rb8+ Kh7 29. Rxa8 Qxa8 30. Qd3+ g6 31. Qf3 Kg7 32. Bb2 Qb7 33. Bc1 c6 34. Qc3 Qb5 35. Nf1 c5 36. dxc5 Bxc5 0-1


[Site "https://www.chess.com"]

[Event "Titled Tuesday Blitz November 22 Early 2022"]
[White "Przybylski, Wojciech"]
[Black "Kovacevic, Radmila"]
[WhiteFideId "1117599"]
[BlackFideId "933171"]
[WhiteElo "2221"]
[BlackElo "2208"]
[Result "1-0"]
[Round "06"]
[TimeControl "180+1"]
[Date "2022.11.23"]
[WhiteClock "0:00:53"]
[BlackClock "0:00:02"]

1. e4 e5 2. Nf3 f5 3. exf5 e4 4. Qe2 Qe7 5. Nd4 c5 6. Nb5 d5 7. d3 a6 8. N1c3 axb5 9. Nxd5 Nf6 10. Nxe7 Bxe7 11. dxe4 O-O 12. g4 c4 13. Bg2 Nc6 14. Be3 h6 15. O-O Re8 16. f3 Ne5 17. a3 Bd7 18. Rad1 Bc6 19. Qf2 Rac8 20. Bd4 Bd6 21. h3 Bc7 22. Rfe1 Ned7 23. Kh1 b6 24. Bc3 Ne5 25. Rd2 Rcd8 26. Red1 Rxd2 27. Rxd2 Nf7 28. Bd4 Bf4 29. Be3 Bxe3 30. Qxe3 Rb8 31. f4 Be8 32. e5 Nd7 33. e6 Nc5 34. g5 Nd8 35. Bd5 Nc6 36. f6 Bg6 37. f5 Bxf5 38. e7+ Kh7 39. f7 Nxe7 40. Qxe7 Nd7 41. g6+ Bxg6 42. Qxd7 Rf8 43. Rg2 b4 44. axb4 b5 45. c3 h5 46. h4 1-0


[Site "https://www.chess.com"]

[Event "Titled Tuesday Blitz November 22 Early 2022"]
[White "Pultinevicius, Paulius"]
[Black "Kosakowski, Jakub"]
[WhiteFideId "12809390"]
[BlackFideId "1185080"]
[WhiteElo "2493"]
[BlackElo "2463"]
[Result "0-1"]
[Round "06"]
[TimeControl "180+1"]
[Date "2022.11.22"]
[WhiteClock "0:00:19"]
[BlackClock "0:00:45"]

1. d4 d5 2. Nf3 c5 3. e3 Nc6 4. Bb5 Nf6 5. dxc5 Bg4 6. O-O e6 7. b4 Be7 8. a3 O-O 9. Bb2 a5 10. c3 Ne4 11. Be2 Bf6 12. Nfd2 Bxe2 13. Qxe2 Nxd2 14. Qxd2 b6 15. b5 Ne5 16. c6 a4 17. Qe2 Nc4 18. Ra2 Ra5 19. Nd2 Nxd2 20. Qxd2 Rxb5 21. Qc2 Rb3 22. c4 Bxb2 23. Rxb2 dxc4 24. Rbb1 Qd5 25. c7 Qc6 26. Rbd1 Qxc7 27. Rd4 b5 28. h4 c3 29. h5 Rb2 30. Qe4 h6 31. Rc1 c2 32. Rb4 Rxb4 33. Qxb4 Rd8 34. Qe1 Qc4 35. Kh2 Qh4+ 36. Kg1 Qxh5 37. f3 Qc5 38. Qe2 Rd1+ 39. Rxd1 cxd1=Q+ 40. Qxd1 Qxe3+ 41. Kh2 Qxa3 42. Qd8+ Kh7 43. Qd7 Qf8 44. Qxb5 Qa8 45. Qd3+ Kg8 46. Qa3 Qb8+ 47. Kh1 Qb3 48. Qe7 a3 49. Qe8+ Kh7 50. Qxf7 a2 0-1


[Site "https://www.chess.com"]

[Event "Titled Tuesday Blitz November 22 Early 2022"]
[White "Rakhmanov, Aleksandr"]
[Black "Aizpurua, Patrick Emilio"]
[WhiteFideId "4173708"]
[BlackFideId "6600522"]
[WhiteElo "2530"]
[BlackElo "2378"]
[Result "1-0"]
[Round "06"]
[TimeControl "180+1"]
[Date "2022.11.23"]
[WhiteClock "0:01:42"]
[BlackClock "0:00:44"]

1. d4 Nf6 2. c4 e6 3. Nc3 Bb4 4. e3 d5 5. a3 Be7 6. Nf3 O-O 7. Bd2 Nbd7 8. Bd3 dxc4 9. Bxc4 c5 10. O-O cxd4 11. exd4 Nb6 12. Bb3 h6 13. Re1 Bd6 14. Ne5 a6 15. Qf3 Bd7 16. Qg3 Kh8 17. Nxf7+ Rxf7 18. Qxd6 Bc6 19. Qxd8+ Rxd8 20. Bxe6 Re7 21. Bb3 Rxe1+ 22. Rxe1 Nbd5 23. f3 1-0


[Site "https://www.chess.com"]

[Event "Titled Tuesday Blitz November 22 Early 2022"]
[White "Ronka, Erik"]
[Black "Matinian, Nikita"]
[WhiteFideId "505080"]
[BlackFideId "24129100"]
[WhiteElo "2264"]
[BlackElo "2422"]
[Result "0-1"]
[Round "06"]
[TimeControl "180+1"]
[Date "2022.11.23"]
[WhiteClock "0:00:02"]
[BlackClock "0:00:46"]

1. e4 g6 2. d4 Bg7 3. c4 d6 4. Nc3 Nc6 5. Be3 e5 6. Nge2 exd4 7. Nxd4 Nge7 8. Be2 O-O 9. h4 f5 10. Nxc6 bxc6 11. Qd2 Rb8 12. h5 f4 13. Bxa7 Rb7 14. Bd4 Rxb2 15. Qxb2 Bxd4 16. Qd2 c5 17. Rd1 Nc6 18. hxg6 hxg6 19. Nb5 g5 20. Kf1 Be6 21. Bd3 Ne5 22. Nxd4 cxd4 23. f3 c5 24. Kf2 g4 25. Rh6 g3+ 26. Ke2 Bxc4 27. Bxc4+ Nxc4 28. Qd3 Ne5 29. Qb3+ c4 30. Qb5 d3+ 31. Ke1 Qg5 32. Qd5+ Kg7 33. Rxd6 Rh8 34. Re6 Nxf3+ 35. gxf3 Rh1+ 36. Kd2 Qxd5 37. exd5 c3+ 38. Kxc3 Rxd1 39. d6 g2 40. d7 g1=Q 41. d8=Q Qc5+ 42. Kb3 Rb1+ 43. Ka4 Qb5+ 44. Ka3 Qb4# 0-1


[Site "https://www.chess.com"]

[Event "Titled Tuesday Blitz November 22 Early 2022"]
[White "Rose, Felix"]
[Black "Farmani Anosheh, Armin"]
[WhiteFideId "5105722"]
[BlackFideId "24613240"]
[WhiteElo "2039"]
[BlackElo "2289"]
[Result "0-1"]
[Round "06"]
[TimeControl "180+1"]
[Date "2022.11.23"]
[WhiteClock "0:00:59"]
[BlackClock "0:00:19"]

1. e4 e5 2. Nf3 Nc6 3. Bb5 Nf6 4. O-O Nxe4 5. d4 Nd6 6. dxe5 Nxb5 7. a4 d6 8. axb5 Nxe5 9. Nxe5 dxe5 10. Qe2 Bd6 11. f4 Qe7 12. fxe5 Bxe5 13. Re1 Bd4+ 14. Kf1 Be6 15. c3 Qf6+ 16. Qf3 Qxf3+ 17. gxf3 Bb6 18. Kg2 O-O-O 19. Bg5 Rd5 20. Be3 Bxe3 21. Rxe3 Rxb5 22. Rxa7 Rxb2+ 23. Kg3 Kb8 24. Ra1 Rd8 25. c4 Rd1 26. Rea3 c6 27. Nc3 Rxa1 28. Rxa1 Bxc4 29. Ne4 Kc7 30. Ra8 Bd5 31. Ng5 h6 32. Nh7 Rb3 33. Rg8 Rxf3+ 34. Kh4 g6 0-1


[Site "https://www.chess.com"]

[Event "Titled Tuesday Blitz November 22 Early 2022"]
[White "Rosenberg, Evan S"]
[Black "Shaik Sumer Arsh"]
[WhiteFideId "2019299"]
[BlackFideId "45020000"]
[WhiteElo "2356"]
[BlackElo "2190"]
[Result "1-0"]
[Round "06"]
[TimeControl "180+1"]
[Date "2022.11.23"]
[WhiteClock "0:00:54"]
[BlackClock "0:00:02"]

1. d4 Nf6 2. Nf3 d5 3. c3 c5 4. dxc5 Nc6 5. b4 a5 6. b5 Nb8 7. a4 e6 8. Ba3 Nbd7 9. c6 bxc6 10. bxc6 Nc5 11. e3 Nfe4 12. Bb5 Qc7 13. O-O Bd6 14. c4 O-O 15. cxd5 exd5 16. Qxd5 Be6 17. Qh5 Nb3 18. Bxd6 Nxd6 19. Ra3 g6 20. Qh6 Nf5 21. Qg5 h6 22. Qf6 Nc5 23. Qe5 Qxe5 24. Nxe5 Rfc8 25. Rc1 Na6 26. Nd2 Nd6 27. f3 Nb4 28. Ndc4 Nxc4 29. Nxc4 Nxc6 30. Nb6 Nb4 31. Nxc8 1-0


[Site "https://www.chess.com"]

[Event "Titled Tuesday Blitz November 22 Early 2022"]
[White "Rosh Jain"]
[Black "Larina, Maria"]
[WhiteFideId "25789465"]
[BlackFideId "24113182"]
[WhiteElo "2233"]
[BlackElo "1848"]
[Result "0-1"]
[Round "06"]
[TimeControl "180+1"]
[Date "2022.11.23"]
[WhiteClock "0:00:01"]
[BlackClock "0:00:08"]

1. e4 c6 2. Nc3 d5 3. Nf3 Bg4 4. h3 Bxf3 5. Qxf3 e6 6. d3 Nd7 7. Be2 Qc7 8. d4 dxe4 9. Nxe4 Qb6 10. c3 Ngf6 11. O-O Nxe4 12. Qxe4 Nf6 13. Qc2 Be7 14. Be3 Qc7 15. c4 O-O 16. Bd3 g6 17. Qd2 Rfd8 18. Qc3 Nh5 19. Rac1 Nf4 20. Be4 Bf6 21. Bf3 c5 22. Rfd1 Kg7 23. Qb3 cxd4 24. Bxf4 Qxf4 25. Qxb7 Rab8 26. Qxa7 Rxb2 27. c5 Qh4 28. Rf1 d3 29. c6 Bd4 30. Qa5 Bxf2+ 31. Kh1 Bd4 32. c7 Rc8 33. Qa6 Rxc7 34. Rxc7 Be5 35. Rc5 Qf4 36. Rxe5 Qxe5 37. Qxd3 Rxa2 38. Qe4 Qb2 39. Qg4 h5 40. Qg3 Qd2 41. Rd1 Qe3 42. Rd7 Qc1+ 43. Kh2 Ra1 44. Qe5+ Kh6 45. Qh8+ Kg5 46. Qe5+ Kh6 47. Qh8+ Kg5 48. Qe5+ f5 49. Qg7 Qg1+ 50. Kg3 h4# 0-1


[Site "https://www.chess.com"]

[Event "Titled Tuesday Blitz November 22 Early 2022"]
[White "Spalir, Monika"]
[Black "Torres Dominguez, David"]
[WhiteFideId "14609118"]
[BlackFideId "2220857"]
[WhiteElo "2032"]
[BlackElo "2037"]
[Result "1-0"]
[Round "06"]
[TimeControl "180+1"]
[Date "2022.11.23"]
[WhiteClock "0:00:03"]
[BlackClock "0:00:07"]

1. d4 e5 2. dxe5 d6 3. exd6 Bxd6 4. Nf3 Bg4 5. g3 Nc6 6. Bg2 Qd7 7. O-O O-O-O 8. c3 Bh3 9. Qc2 Nf6 10. b4 h5 11. Bg5 h4 12. Bxh4 Rde8 13. Nbd2 Bxg2 14. Kxg2 g5 15. Nxg5 Rxh4 16. gxh4 Qg4+ 17. Kh1 Qxh4 18. Ndf3 Qh5 19. Qf5+ Nd7 20. Qxf7 Qh8 21. Rad1 Rf8 22. Qe6 Nd8 23. Qg4 Kb8 24. Qg2 Nf7 25. Rg1 Nxg5 26. Nxg5 Rg8 27. f4 Bxf4 28. Rxd7 Rxg5 29. Qf2 Be3 30. Rgd1 Bxf2 31. Rd8+ Qxd8 32. Rxd8# 1-0


[Site "https://www.chess.com"]

[Event "Titled Tuesday Blitz November 22 Early 2022"]
[White "Sadubayev, Airat"]
[Black "Sanchez, Robert"]
[WhiteFideId "13713264"]
[BlackFideId "2034360"]
[WhiteElo "2160"]
[BlackElo "2292"]
[Result "0-1"]
[Round "06"]
[TimeControl "180+1"]
[Date "2022.11.23"]
[WhiteClock "0:00:04"]
[BlackClock "0:01:21"]

1. d4 Nf6 2. c4 e6 3. Nf3 Bb4+ 4. Bd2 a5 5. g3 O-O 6. Bg2 d5 7. O-O Be7 8. Nc3 dxc4 9. e3 Nd5 10. Ne5 Nb6 11. Qe2 N8d7 12. Nxc4 Nxc4 13. Qxc4 e5 14. dxe5 Nxe5 15. Qe2 Bg4 16. f3 Be6 17. b3 Qd3 18. Rfd1 Rfd8 19. Bf1 Qxd2 20. Rxd2 Rxd2 21. Qxd2 Nxf3+ 22. Kf2 Nxd2 23. Ke2 Rd8 24. Rd1 Bg4+ 25. Ke1 Bxd1 26. Kxd1 Nxf1+ 27. Ke1 Nxe3 28. Ke2 Nd5 29. Nb5 c6 30. Na3 Bxa3 31. h4 Nb4 32. h5 Nxa2 0-1


[Site "https://www.chess.com"]

[Event "Titled Tuesday Blitz November 22 Early 2022"]
[White "Safin, Robert"]
[Black "Skibbe, Willi"]
[WhiteFideId "34189120"]
[BlackFideId "4682190"]
[WhiteElo "2253"]
[BlackElo "2363"]
[Result "1/2-1/2"]
[Round "06"]
[TimeControl "180+1"]
[Date "2022.11.23"]
[WhiteClock "0:00:33"]
[BlackClock "0:00:06"]

1. e4 e5 2. Nf3 Nc6 3. d4 exd4 4. Nxd4 Nf6 5. Nxc6 bxc6 6. e5 Qe7 7. Qe2 Nd5 8. c4 Nb6 9. b3 Qe6 10. g3 a5 11. Bg2 a4 12. Ba3 Bxa3 13. Nxa3 axb3 14. axb3 Qe7 15. Nc2 Rxa1+ 16. Nxa1 O-O 17. O-O Re8 18. f4 f6 19. Qf2 fxe5 20. fxe5 Rf8 21. Qxf8+ Qxf8 22. Rxf8+ Kxf8 23. Kf2 Ke7 24. Ke3 c5 25. Nc2 Ke6 26. Kf4 g5+ 27. Kxg5 Kxe5 28. Kh6 d6 29. h3 Bf5 30. Ne3 Bg6 31. Nd5 Nxd5 32. Bxd5 Be4 33. Bxe4 Kxe4 34. Kxh7 c6 35. g4 d5 36. cxd5 cxd5 37. g5 c4 38. g6 c3 39. g7 c2 40. g8=Q c1=Q 41. Qg2+ Ke5 42. Qe2+ Kf4 43. Qg4+ Ke5 44. h4 Qc2+ 45. Qg6 Qxb3 46. h5 Qb7+ 47. Qg7+ Qxg7+ 48. Kxg7 d4 49. h6 d3 50. h7 d2 51. h8=Q d1=Q 52. Kg6+ Kf4 53. Qh4+ Ke3 54. Qg3+ Kd2 55. Kf5 Qe2 56. Qg5+ Qe3 57. Qxe3+ Kxe3 1/2-1/2


[Site "https://www.chess.com"]

[Event "Titled Tuesday Blitz November 22 Early 2022"]
[White "Salman, Pavel"]
[Black "Rios Escobar, Adan"]
[WhiteFideId "24153753"]
[BlackFideId "3403645"]
[WhiteElo "2187"]
[BlackElo "2357"]
[Result "1-0"]
[Round "06"]
[TimeControl "180+1"]
[Date "2022.11.23"]
[WhiteClock "0:01:00"]
[BlackClock "0:00:06"]

1. Nf3 Nf6 2. g3 g6 3. Bg2 Bg7 4. O-O O-O 5. d4 c5 6. c4 cxd4 7. Nxd4 Nc6 8. Nc2 d6 9. Nc3 Qa5 10. Ne3 Be6 11. Ned5 Rfd8 12. Bd2 Rd7 13. Nb5 Qd8 14. Bc3 a6 15. Nxf6+ exf6 16. Nd4 Nxd4 17. Qxd4 Rc8 18. b3 d5 19. c5 Qf8 20. b4 f5 21. Qxg7+ Qxg7 22. Bxg7 Kxg7 23. Rfd1 b6 24. cxb6 Rb8 25. Rd4 Rxb6 26. Rc1 Kf6 27. h4 h5 28. Rc5 Rb5 29. Rc6 Ke7 30. Rxa6 Rc7 31. a4 Rb8 32. e3 Rc1+ 33. Bf1 Bd7 34. Kg2 Rb1 35. b5 1-0


[Site "https://www.chess.com"]

[Event "Titled Tuesday Blitz November 22 Early 2022"]
[White "Samaganova, Aleksandra"]
[Black "Fernandez Garcia, Gumersindo"]
[WhiteFideId "13800221"]
[BlackFideId "24516740"]
[WhiteElo "1864"]
[BlackElo "2140"]
[Result "0-1"]
[Round "06"]
[TimeControl "180+1"]
[Date "2022.11.23"]
[WhiteClock "0:01:46"]
[BlackClock "0:00:37"]

1. c4 Nf6 2. Nc3 e5 3. Nf3 d6 4. e3 g6 5. d4 exd4 6. exd4 Bg7 7. Be2 O-O 8. O-O Bg4 9. h3 Bf5 10. Be3 Nc6 11. Qd2 Re8 12. Bg5 Qd7 13. Rfe1 Ne4 14. Nxe4 Bxe4 15. Be3 d5 16. c5 Re7 17. b4 a6 18. a4 Rae8 19. b5 axb5 20. axb5 Nd8 21. Ra8 c6 22. bxc6 bxc6 23. Rea1 Ne6 24. Rxe8+ Rxe8 25. Qb4 h6 26. Qb6 Bxf3 27. Bxf3 Bxd4 28. Ra7 Qc8 29. Bxd4 Nxd4 30. Bg4 Ne6 31. Rb7 h5 32. Bxe6 Qxe6 33. Rc7 Rc8 34. Rb7 Qe1+ 35. Kh2 Qxf2 36. Qa7 Qf4+ 37. Kh1 Re8 38. Re7 Rf8 39. Qd7 Qc1+ 40. Kh2 Qxc5 0-1


[Site "https://www.chess.com"]

[Event "Titled Tuesday Blitz November 22 Early 2022"]
[White "Samunenkov, Ihor"]
[Black "Ezat, Mohamed"]
[WhiteFideId "14187086"]
[BlackFideId "10600906"]
[WhiteElo "2441"]
[BlackElo "2386"]
[Result "1-0"]
[Round "06"]
[TimeControl "180+1"]
[Date "2022.11.23"]
[WhiteClock "0:00:28"]
[BlackClock "0:00:06"]

1. e4 Nf6 2. e5 Nd5 3. d4 d6 4. c4 Nb6 5. exd6 cxd6 6. Nc3 g6 7. Be3 Bg7 8. Rc1 O-O 9. b3 Nc6 10. Be2 e5 11. d5 Nd4 12. Nf3 Nxf3+ 13. Bxf3 f5 14. O-O e4 15. Be2 f4 16. Bxb6 axb6 17. Nxe4 Rxa2 18. Bg4 Bxg4 19. Qxg4 Be5 20. Ng5 Qf6 21. Ne6 Rfa8 22. Nc7 Rf8 23. Qe6+ Kh8 24. b4 Qd8 25. Nb5 f3 26. g3 Rb2 27. Rfe1 Re2 28. Rxe2 fxe2 29. Re1 Re8 30. Qg4 Qc8 31. Qxe2 Rf8 32. f4 Bg7 33. Nxd6 Qh3 34. Qe6 Bc3 35. Qxh3 Bxe1 36. Qe6 Bxb4 37. Nf7+ Kg7 38. Ne5 Bc5+ 39. Kg2 Ra8 40. Qf7+ Kh6 41. Ng4+ Kh5 42. Qxh7+ Kxg4 43. Qh3# 1-0


[Site "https://www.chess.com"]

[Event "Titled Tuesday Blitz November 22 Early 2022"]
[White "Sargissyan, Sargis"]
[Black "Johnson, Ben"]
[WhiteFideId "13303210"]
[BlackFideId "2010917"]
[WhiteElo "2109"]
[BlackElo "2154"]
[Result "1-0"]
[Round "06"]
[TimeControl "180+1"]
[Date "2022.11.23"]
[WhiteClock "0:01:49"]
[BlackClock "0:00:03"]

1. c4 e6 2. g3 d5 3. Bg2 Nf6 4. Nf3 dxc4 5. O-O c5 6. Na3 Nc6 7. Nxc4 Be7 8. b3 O-O 9. Bb2 Rb8 10. d4 cxd4 11. Nxd4 Nxd4 12. Qxd4 Qxd4 13. Bxd4 Bd7 14. Bxa7 Ra8 15. Bb6 Bc6 16. Rfd1 Nd5 17. Bd4 Bb4 18. Ne5 Bb5 19. Bxd5 exd5 20. Nd3 Bd6 21. a4 Bd7 22. Bc5 Ra6 23. Bxd6 Rxd6 24. Nf4 d4 25. e3 g5 26. Ne2 Bg4 27. Rxd4 Rxd4 28. Nxd4 Rc8 29. f3 Bd7 30. Kf2 h5 31. h4 f6 32. Ke2 Kf7 33. Kd2 gxh4 34. gxh4 Rg8 35. Rc1 Rg2+ 36. Kd3 Ke8 37. Rc7 b6 38. Rb7 Rh2 39. Rxb6 Rxh4 40. a5 Rh1 41. a6 Ra1 42. Rxf6 h4 43. b4 h3 44. Rh6 Kf7 45. b5 Kg7 46. Rh4 Ra2 47. Nc6 Bxc6 48. bxc6 Rxa6 49. Rxh3 Rxc6 50. f4 Kf6 51. Rh5 Rc7 52. Ra5 Rd7+ 53. Ke4 Rh7 54. Ra6+ 1-0


[Site "https://www.chess.com"]

[Event "Titled Tuesday Blitz November 22 Early 2022"]
[White "Sariego Figueredo, Wilfredo"]
[Black "Garmash, Aliona"]
[WhiteFideId "3500080"]
[BlackFideId "34127620"]
[WhiteElo "2309"]
[BlackElo "1958"]
[Result "0-1"]
[Round "06"]
[TimeControl "180+1"]
[Date "2022.11.23"]
[WhiteClock "0:00:01"]
[BlackClock "0:00:09"]

1. d4 d5 2. Bf4 Nf6 3. e3 c5 4. c3 Nc6 5. Nf3 Qb6 6. Qb3 c4 7. Qxb6 axb6 8. Na3 Ra5 9. Bc7 Nd7 10. Nc2 e6 11. Be2 Be7 12. O-O Ra6 13. b3 b5 14. b4 Ra4 15. Bd1 O-O 16. Re1 Nf6 17. Ne5 Ne4 18. Nxc6 bxc6 19. a3 Nxc3 20. Ba5 Bd8 21. Bxd8 Rxd8 22. Bf3 Ra7 23. Rec1 f6 24. Ne1 Na4 25. Bd1 Nb6 26. Rc3 Bd7 27. Nf3 Rda8 28. Nd2 Be8 29. h3 Bg6 30. Bg4 Kf7 31. Be2 Na4 32. Rcc1 Nb2 33. Nb1 Bd3 34. Bxd3 Nxd3 35. Rc3 e5 36. Nd2 exd4 37. exd4 Re8 38. Nf3 Re2 39. Kh2 Rxf2 40. Kg1 Re2 41. Kf1 Rb2 42. Kg1 Nf4 0-1


[Site "https://www.chess.com"]

[Event "Titled Tuesday Blitz November 22 Early 2022"]
[White "Savic, Miroslav"]
[Black "Lucas, Arthur"]
[WhiteFideId "14508494"]
[BlackFideId "26093073"]
[WhiteElo "2209"]
[BlackElo "2251"]
[Result "1-0"]
[Round "06"]
[TimeControl "180+1"]
[Date "2022.11.23"]
[WhiteClock "0:00:19"]
[BlackClock "0:00:01"]

1. Nf3 b6 2. c4 Bb7 3. Nc3 c5 4. b3 g6 5. Bb2 Bg7 6. g3 e6 7. Bg2 Ne7 8. O-O O-O 9. d4 cxd4 10. Nxd4 Bxg2 11. Kxg2 Nbc6 12. Nxc6 dxc6 13. Na4 Bxb2 14. Nxb2 c5 15. e3 Qc7 16. Qf3 Nc6 17. Nd3 Rad8 18. Rad1 Rxd3 19. Rxd3 Ne5 20. Qe2 Nxd3 21. Qxd3 Rd8 22. Qc3 Qc6+ 23. f3 Qd7 24. Rf2 Qd1 25. h4 h5 26. Qc2 Qxc2 27. Rxc2 Rd1 28. Kf2 Kf8 29. e4 Ke7 30. e5 Kd7 31. Ke2 Rg1 32. Rd2+ Kc7 33. Kf2 Rh1 34. Ke3 Rf1 35. Kf4 a6 36. a4 Re1 37. Rd3 Kc6 38. Re3 Rxe3 39. Kxe3 b5 40. a5 Kd7 41. Kf4 bxc4 42. bxc4 Ke7 43. Kg5 Kf8 44. g4 hxg4 45. fxg4 Kg7 46. h5 Kh7 47. h6 Kh8 48. Kf6 Kg8 49. g5 Kf8 50. h7 1-0


[Site "https://www.chess.com"]

[Event "Titled Tuesday Blitz November 22 Early 2022"]
[White "Seo, Jung Min"]
[Black "Bilych, Olexiy"]
[WhiteFideId "1734687"]
[BlackFideId "14156504"]
[WhiteElo "2455"]
[BlackElo "2320"]
[Result "1-0"]
[Round "06"]
[TimeControl "180+1"]
[Date "2022.11.22"]
[WhiteClock "0:00:19"]
[BlackClock "0:00:02"]

1. e4 e5 2. Nf3 Nc6 3. Bb5 a6 4. Ba4 Nge7 5. d4 exd4 6. Nxd4 Nxd4 7. Qxd4 b5 8. Bb3 Bb7 9. O-O Ng6 10. c4 Bd6 11. Nc3 Qh4 12. g3 Qh5 13. Qxg7 O-O-O 14. Qh6 Qf3 15. Bd1 Qd3 16. Be2 Qd4 17. cxb5 axb5 18. Be3 Qe5 19. Nxb5 Bc5 20. Nc3 f5 21. Bxc5 Qxc5 22. exf5 Ne5 23. Qe3 Qc6 24. f3 Rde8 25. Qf2 Rhf8 26. Nb5 Kd8 27. Rac1 Qh6 28. Rxc7 Bc6 29. Qb6 Ke7 30. Qc5+ Kd8 31. Qb6 Ke7 32. Nd4 Qe3+ 33. Rf2 Kf6 34. Qb4 Qc1+ 35. Bf1 Nd3 36. Qd2 Qxd2 37. Rxd2 Ne5 38. f4 Ng4 39. Nxc6 dxc6 40. Rxc6+ Kg7 41. h3 Ne3 42. Rd7+ Kh8 43. Rcc7 Nxf1 44. Rxh7+ Kg8 45. Rcg7# 1-0


[Site "https://www.chess.com"]

[Event "Titled Tuesday Blitz November 22 Early 2022"]
[White "Shimanov, Aleksandr"]
[Black "Erdogdu, Mert"]
[WhiteFideId "4198603"]
[BlackFideId "6301495"]
[WhiteElo "2605"]
[BlackElo "2413"]
[Result "1-0"]
[Round "06"]
[TimeControl "180+1"]
[Date "2022.11.22"]
[WhiteClock "0:00:36"]
[BlackClock "0:01:04"]

1. e4 c5 2. Nf3 d6 3. d4 cxd4 4. Qxd4 Nc6 5. Bb5 Bd7 6. Qd3 Nf6 7. Bg5 e6 8. Nc3 Be7 9. O-O-O O-O 10. e5 Nxe5 11. Nxe5 Bxb5 12. Qxb5 Nd5 13. Bxe7 Nxc3 14. Bxd8 Nxb5 15. Be7 dxe5 16. Bxf8 Kxf8 17. Rd7 b6 18. c3 Rc8 19. a4 Nc7 20. Rhd1 Ke8 21. Kb1 h5 22. h4 a6 23. Ka2 b5 24. a5 Nd5 25. Rd6 Ra8 26. R1xd5 exd5 27. Rxd5 f6 28. Rd6 Ke7 29. Rb6 f5 30. Kb3 e4 31. Kc2 f4 32. Kd2 Rd8+ 33. Ke2 Rd6 34. g3 Rd3 35. gxf4 Rf3 36. Rxa6 Rxf4 37. Rb6 Rxh4 38. a6 Rh1 39. Rxb5 Ra1 40. Rxh5 Rxa6 41. Re5+ Kf6 42. Rxe4 Ra2 43. Rb4 g5 44. Kf3 1-0


[Site "https://www.chess.com"]

[Event "Titled Tuesday Blitz November 22 Early 2022"]
[White "Shuvalov, Evgenij"]
[Black "Petrova, Irina"]
[WhiteFideId "4187237"]
[BlackFideId "14124122"]
[WhiteElo "2049"]
[BlackElo "2023"]
[Result "1-0"]
[Round "06"]
[TimeControl "180+1"]
[Date "2022.11.23"]
[WhiteClock "0:01:07"]
[BlackClock "0:00:12"]

1. d4 d6 2. c4 e5 3. dxe5 dxe5 4. Qxd8+ Kxd8 5. Nf3 f6 6. Nc3 c6 7. Bd2 Be6 8. e3 Nd7 9. O-O-O Kc7 10. h3 a5 11. g4 Ne7 12. Be2 Nc8 13. Ne4 Ncb6 14. b3 Nc5 15. Nxc5 Bxc5 16. Bc3 Bb4 17. Bb2 Rhd8 18. Rxd8 Rxd8 19. Rd1 Ra8 20. Bd3 Be7 21. a4 Nd7 22. Nd2 Nc5 23. Bc2 h5 24. Bf5 Bxf5 25. gxf5 Nd3+ 26. Kc2 Nxf2 27. Rg1 Bf8 28. Rg3 Rd8 29. Bc3 b6 30. c5 Nd3 31. cxb6+ Kxb6 32. Nc4+ Ka6 33. Bxa5 Rd5 34. e4 Rxa5 35. Rxd3 Rc5 36. Rd7 h4 37. Kd3 g5 38. fxg6 Bh6 39. g7 Bxg7 40. Rxg7 f5 41. exf5 e4+ 42. Kxe4 1-0


[Site "https://www.chess.com"]

[Event "Titled Tuesday Blitz November 22 Early 2022"]
[White "Shuvalova, Polina"]
[Black "Tologon tegin, Semetei"]
[WhiteFideId "24171760"]
[BlackFideId "13800574"]
[WhiteElo "2342"]
[BlackElo "2282"]
[Result "0-1"]
[Round "06"]
[TimeControl "180+1"]
[Date "2022.11.23"]
[WhiteClock "0:00:03"]
[BlackClock "0:00:39"]

1. d4 Nf6 2. Nf3 e6 3. Bf4 c5 4. e3 cxd4 5. exd4 b6 6. c3 Ba6 7. Bxa6 Nxa6 8. O-O Nc7 9. a4 d6 10. Re1 Be7 11. Na3 O-O 12. Qe2 Nfd5 13. Bg3 Qd7 14. Nc2 a6 15. Nd2 b5 16. axb5 axb5 17. h3 h6 18. Qd3 Qc6 19. Nf1 Rfb8 20. Nd2 Ra4 21. Rac1 Ra2 22. Rb1 Rba8 23. h4 Ne8 24. Nb3 Nef6 25. Nc1 R2a7 26. Nb3 Nh5 27. Nd2 Nxg3 28. fxg3 Qb7 29. Kh2 Rc8 30. Rf1 Nf6 31. Kh3 d5 32. b4 Qd7 33. Kh2 Bd6 34. Kh1 Qc6 35. Rf3 Ne4 36. Rbf1 Ra2 37. Rxf7 Nxg3+ 38. Kg1 Nxf1 39. Rxf1 Qxc3 40. Qg6 Qxc2 41. Qxe6+ Kh7 42. Qxd6 Qxd2 43. Qxd5 Qe3+ 44. Kh1 Rf2 45. Rg1 Rc1 46. Rxc1 Qxc1+ 47. Kh2 Qf4+ 48. Kh3 Qf5+ 49. Qxf5+ Rxf5 0-1


[Site "https://www.chess.com"]

[Event "Titled Tuesday Blitz November 22 Early 2022"]
[White "Simonovic, Miroslav"]
[Black "Manon-og, Ramon Jr."]
[WhiteFideId "919152"]
[BlackFideId "5200776"]
[WhiteElo "2043"]
[BlackElo "2323"]
[Result "1-0"]
[Round "06"]
[TimeControl "180+1"]
[Date "2022.11.23"]
[WhiteClock "0:00:58"]
[BlackClock "0:00:17"]

1. d4 Nf6 2. Bg5 e6 3. e4 h6 4. Bxf6 Qxf6 5. e5 Qd8 6. f4 c5 7. d5 exd5 8. Qxd5 Qb6 9. Qb3 Nc6 10. Nd2 Nd4 11. Qxb6 axb6 12. Bd3 d6 13. Ngf3 dxe5 14. fxe5 Nc6 15. a3 Be7 16. O-O-O O-O 17. Ne4 Be6 18. Nd6 Nxe5 19. Nxb7 Nxf3 20. gxf3 Ra7 21. Be4 f5 22. Bc6 Bg5+ 23. Kb1 Bf6 24. Rhe1 Bf7 25. Nd6 Bg6 26. Bb5 Kh7 27. Bd3 Bh4 28. Re6 Rd7 29. Nb5 Rfd8 30. Rf1 c4 31. Bxc4 Rd1+ 32. Rxd1 Rxd1+ 33. Ka2 Bf7 34. Rc6 Bxc4+ 35. Rxc4 Rd2 36. Rxh4 1-0


[Site "https://www.chess.com"]